Cool Beans, chaotic male orcish Rogue -------------- # # |............| -+-+-- |............| |....| |............| |....| |........#...| |....| ----- #.............| ---------------- |....| |....#########---.---------- |.)))))[)))))))| --.-+- #....| ##### |.m)))))[)[))[)| # # ###|....##### # #-@@)[)[))))))))| ### # #|...| ### ###|f)m).))))]))])| ### ### #----- # # ---------------- # # # # -----.-------- ### ## # # ### |............| # ----.--# # ##############|...........<| ### |.>...|### |............| # |......# |.............## |.....|# |............| |......# -------------- ------- Cool Beans the Cutpurse Experience level: 3 Strength: 19 Dexterity: 17 Constitution: 14 Intelligence: 10 Wisdom: 9 Charisma: 7 Health: 0(24) Energy: 13(13) Def: 4 Gold: 501 Moves: 1790 Dungeon seed: wkNjipP3Vec2SFN_ Game ID: Cool Beans_1518194490 Your Inventory: Coins $ - 501 gold pieces Weapons c - 8 uncursed +0 orcish daggers (wielded) o - 14 uncursed poisoned +0 darts (in quiver) Armor e - an uncursed +1 leather armor (being worn) r - an uncursed +0 orcish helm (being worn) Comestibles i - 2 uncursed tripe rations u - 2 uncursed food rations D - an uncursed egg Spellbooks j - an uncursed spellbook of sleep Potions l - an uncursed potion of healing z - an uncursed potion of polymorph Rings w - an uncursed +2 ring of increase damage Wands v - an uncursed wand of digging (0:5) A - an uncursed wand of probing (0:8) E - a cursed wand of striking (0:8) Tools d - an uncursed lock pick f - an uncursed oil lamp (0:1240) g - an uncursed sack F - an uncursed skeleton key Gems n - an uncursed worthless piece of violet glass q - an uncursed chrysoberyl stone Spells and supernatural/magical abilities: Name Level Category Fail Memory W - pray for help -- divine ? -- Your skills at the end: Fighting Skills wands [Basic] Weapon Skills dagger [Basic] short sword [Basic] Spellcasting Skills Final Attributes: You were immune to poison. You had infravision. You were stealthy. You were levitating. You were held by a large mimic. You are dead. Vanquished creatures: an acid blob 2 coyotes 3 giant rats a cave spider a yellow mold a green mold a red mold 4 geckos 5 jackals a kobold a goblin 2 sewer rats 2 grid bugs 4 lichens 2 newts 31 creatures vanquished. Voluntary challenges: You used a wielded weapon 22 times, starting on turn 333. You read items or engraved 2 times, starting on turn 1394. You never genocided any monsters. You never polymorphed an object. You never changed form. You used no wishes. You never split a pudding. You never wrote Elbereth's name. You violated your moral code, losing 20 points of alignment, starting on turn 76. Dungeon overview: The Dungeons of Doom: levels 1 to 5 Level 1 a vault a long staircase Level 2 Level 3 an altar to Issek, a fountain a long staircase Level 4 Level 5 <- You were here a weapon shop, a sink History has recorded: On T:1 you entered the Dungeons of Doom to retrieve the Amulet of Yendor! On T:535 you reached level 2 of The Dungeons of Doom. On T:536 you advanced to experience level 2. On T:604 you reached level 4 of The Dungeons of Doom. On T:794 you reached level 3 of The Dungeons of Doom. On T:980 you advanced to experience level 3. On T:1740 you reached level 5 of The Dungeons of Doom. Score breakdown: Gold: 501 ( 9186 points) Experience: 3 levels ( 7878 points) Exploration: 5 levels ( 9.80%) ( 8485 points) Discoveries: 3 items ( 1.03%) ( 3051 points) Valuables value: (no points given unless you survive) Artifact value: 0 ( 0 points) Variety of kills: 15 monsters ( 3.95%) ( 5960 points) Turncount: 1790 turns ( 0 points) Survival: died (score multiplied by 80%) Total score: 27648 Latest messages: You relinquish an uncursed poisoned dart and receive 1 gold piece in compensation. You have no ammunition readied! You can quiver spells by using the spellcast menu. o - 15 uncursed poisoned darts (in quiver). You fill your quiver: o - 15 uncursed poisoned darts (in quiver). The poisoned dart hits the large mimic. The large mimic looks weaker! The large mimic hits! You hit the large mimic. You hit the large mimic! The small mimic hits! You start to float in the air! It must be an uncursed potion of levitation. The large mimic hits! You die... Picq gratefully inherits all your possessions. The sack is empty. The sack is empty. Final status: Goodbye Cool Beans the Rogue, killed by a large mimic... You died in The Dungeons of Doom on dungeon level 5 with 27648 points, and 501 pieces of gold, after 1790 moves. You were level 3 with a maximum of 24 hit points when you died.